[ AOE2 MATCH · #508110127 ]
UnrankedItalians vs Magyars
Player's team · WIN
Rival team · LOSS
[ REPLAY ANALYSIS · EXTRACTED FROM THE RECORDED GAME ]
Feudal
13:01
Castle
18:35
Imperial
—
| APM avg | 51.4 |
| APM peak | 82 |
| eAPM avg | 23.8 |
| Villagers / military | 116 / 110 |
Focus
⚔️ 34.9% · 🌾 65.1%
Scout Cavalry ×52 · Genoese Crossbowman ×39 · Monk ×7 · Mangonel ×5 · Battering Ram ×4 · Militia ×3
Feudal
10:09
Castle
20:08
Imperial
39:14
| APM avg | 26.9 |
| APM peak | 46 |
| eAPM avg | 14.8 |
| Villagers / military | 117 / 46 |
Focus
⚔️ 20.5% · 🌾 79.5%
Skirmisher ×25 · Magyar Huszar ×13 · Mangonel ×3 · Trebuchet (Packed) ×3 · Knight ×1 · Scout Cavalry ×1
Match map
Initial resources + every placement click. Lines = walls · curves = elevation contours. ◆ gold · ⬟ stone · ● berries · ✦ relic · ◌ wall gap
Your base· ✓ Closed at 18:35 · 70t walls · 2 gate(s)
cucharita15's base· Open — 8t gap
Smoothed initial terrain · ◌ = detected wall gap · hover for details
Inputs per minute
— anaullo95 - - cucharita15
Build order — anaullo95
First 150 of 420 actions detected
| 0:01 | Queue | Villager (Male) |
| 0:01 | Queue | Villager (Male) |
| 0:02 | Build | House |
| 0:03 | Build | House |
| 0:50 | Queue | Villager (Male) |
| 0:50 | Queue | Villager (Male) |
| 1:22 | Queue | Villager (Male) |
| 1:47 | Queue | Villager (Male) |
| 1:47 | Queue | Villager (Male) |
| 2:02 | Build | Lumber Camp |
| 2:31 | Queue | Villager (Male) |
| 3:08 | Queue | Villager (Male) |
| 3:13 | Queue | Villager (Male) |
| 3:13 | Queue | Villager (Male) |
| 3:37 | Build | House |
| 4:04 | Queue | Villager (Male) |
| 4:26 | Build | Barracks |
| 4:41 | Queue | Villager (Male) |
| 4:58 | Queue | Villager (Male) |
| 5:19 | Queue | Militia |
| 5:21 | Build | House |
| 5:40 | Queue | Villager (Male) |
| 6:05 | Build | Mill |
| 6:10 | Build | Palisade Wall |
| 6:17 | Queue | Militia |
| 6:33 | Build | Palisade Wall |
| 6:36 | Queue | Villager (Male) |
| 6:46 | Queue | Militia |
| 6:58 | Queue | Villager (Male) |
| 7:08 | Build | House |
| 7:25 | Queue | Villager (Male) |
| 7:44 | Queue | Villager (Male) |
| 8:02 | Build | Palisade Wall |
| 8:21 | Queue | Villager (Male) |
| 8:25 | Queue | Villager (Male) |
| 8:30 | Build | Palisade Wall |
| 8:35 | Queue | Villager (Male) |
| 8:38 | Build | House |
| 9:02 | Queue | Villager (Male) |
| 9:07 | Build | Palisade Wall |
| 9:30 | Build | Mill |
| 9:33 | Build | Palisade Wall |
| 9:36 | Queue | Villager (Male) |
| 9:39 | Build | Palisade Wall |
| 9:44 | Build | Palisade Wall |
| 10:25 | Research | Loom |
| 10:33 | Build | Mining Camp |
| 10:36 | Research | Feudal Age |
| 10:41 | Build | Palisade Wall |
| 11:22 | Build | Palisade Wall |
| 11:34 | Build | Palisade Gate |
| 11:37 | Build | Palisade Wall |
| 11:39 | Build | Palisade Gate |
| 11:42 | Build | House |
| 12:01 | Build | Palisade Wall |
| 12:03 | Build | Palisade Wall |
| 12:59 | Queue | Villager (Male) |
| 13:01 | Age | Feudal Age |
| 13:03 | Build | Market |
| 13:23 | Build | Blacksmith |
| 13:28 | Queue | Villager (Male) |
| 13:31 | Build | Farm |
| 13:53 | Build | House |
| 13:56 | Queue | Villager (Male) |
| 14:00 | Build | Farm |
| 14:11 | Build | House |
| 14:27 | Build | House |
| 14:31 | Queue | Villager (Male) |
| 14:35 | Build | Farm |
| 14:42 | Build | House |
| 14:45 | Build | Palisade Wall |
| 14:46 | Build | Palisade Wall |
| 14:47 | Build | Palisade Wall |
| 14:57 | Queue | Villager (Male) |
| 15:33 | Build | Mining Camp |
| 15:55 | Research | Castle Age |
| 15:55 | Research | Castle Age |
| 15:55 | Research | Castle Age |
| 16:55 | Research | Double-Bit Axe |
| 17:29 | Research | Horse Collar |
| 18:31 | Queue | Villager (Male) |
| 18:35 | Age | Castle Age |
| 18:45 | Build | Castle |
| 18:50 | Queue | Villager (Male) |
| 19:08 | Build | Palisade Gate |
| 19:13 | Queue | Villager (Male) |
| 19:18 | Build | Monastery |
| 19:29 | Queue | Villager (Male) |
| 19:32 | Build | Town Center |
| 19:34 | Build | Farm |
| 19:43 | Queue | Villager (Male) |
| 19:49 | Build | Palisade Wall |
| 19:53 | Build | Palisade Gate |
| 20:20 | Build | House |
| 20:32 | Queue | Villager (Male) |
| 20:39 | Build | Farm |
| 20:41 | Build | Farm |
| 20:50 | Queue | Genoese Crossbowman |
| 20:54 | Build | Farm |
| 21:10 | Build | House |
| 21:13 | Queue | Genoese Crossbowman |
| 21:25 | Queue | Villager (Male) |
| 21:27 | Queue | Genoese Crossbowman |
| 21:37 | Build | House |
| 21:43 | Build | House |
| 21:47 | Queue | Genoese Crossbowman |
| 21:54 | Queue | Villager (Male) |
| 22:01 | Queue | Monk |
| 22:06 | Build | Farm |
| 22:07 | Build | Farm |
| 22:09 | Queue | Genoese Crossbowman |
| 22:26 | Build | House |
| 22:28 | Queue | Villager (Male) |
| 22:32 | Build | Farm |
| 22:40 | Build | Farm |
| 22:41 | Build | Farm |
| 22:49 | Build | House |
| 22:53 | Queue | Genoese Crossbowman |
| 22:53 | Queue | Villager (Male) |
| 23:14 | Queue | Monk |
| 23:22 | Queue | Villager (Male) |
| 23:24 | Build | Farm |
| 23:26 | Build | Farm |
| 23:26 | Queue | Villager (Male) |
| 23:26 | Queue | Villager (Male) |
| 23:38 | Queue | Genoese Crossbowman |
| 23:41 | Queue | Villager (Male) |
| 23:43 | Build | Lumber Camp |
| 23:48 | Build | Farm |
| 23:51 | Build | Farm |
| 23:52 | Queue | Genoese Crossbowman |
| 24:06 | Queue | Villager (Male) |
| 24:10 | Build | House |
| 24:16 | Queue | Genoese Crossbowman |
| 24:17 | Queue | Villager (Male) |
| 24:31 | Queue | Genoese Crossbowman |
| 24:36 | Research | Fletching |
| 24:45 | Queue | Villager (Male) |
| 25:10 | Queue | Villager (Male) |
| 25:11 | Queue | Genoese Crossbowman |
| 25:23 | Build | Farm |
| 25:24 | Build | Farm |
| 25:27 | Queue | Villager (Male) |
| 25:28 | Queue | Genoese Crossbowman |
| 25:29 | Queue | Genoese Crossbowman |
| 25:53 | Queue | Villager (Male) |
| 25:56 | Build | Town Center |
| 25:58 | Queue | Villager (Male) |
| 26:01 | Build | House |
| 26:03 | Build | Gate |
Build order — cucharita15
First 150 of 283 actions detected
| 0:01 | Queue | Villager (Male) |
| 0:01 | Queue | Villager (Male) |
| 0:03 | Build | House |
| 0:05 | Build | House |
| 0:19 | Queue | Villager (Male) |
| 0:19 | Queue | Villager (Male) |
| 1:26 | Queue | Villager (Male) |
| 1:26 | Queue | Villager (Male) |
| 1:55 | Build | Lumber Camp |
| 1:56 | Queue | Villager (Male) |
| 1:56 | Queue | Villager (Male) |
| 2:27 | Queue | Villager (Male) |
| 2:28 | Queue | Villager (Male) |
| 2:56 | Queue | Villager (Male) |
| 3:03 | Queue | Villager (Male) |
| 3:33 | Queue | Villager (Male) |
| 4:24 | Build | House |
| 4:26 | Build | House |
| 4:29 | Queue | Villager (Male) |
| 4:29 | Queue | Villager (Male) |
| 4:45 | Queue | Villager (Male) |
| 5:15 | Queue | Villager (Male) |
| 5:15 | Queue | Villager (Male) |
| 5:34 | Queue | Villager (Male) |
| 5:59 | Queue | Villager (Male) |
| 6:10 | Queue | Villager (Male) |
| 6:27 | Queue | Villager (Male) |
| 6:29 | Queue | Villager (Male) |
| 6:29 | Queue | Villager (Male) |
| 6:52 | Queue | Villager (Male) |
| 7:00 | Queue | Villager (Male) |
| 7:05 | Build | Mill |
| 7:06 | Queue | Villager (Male) |
| 7:29 | Queue | Villager (Male) |
| 7:59 | Research | Feudal Age |
| 8:18 | Queue | Villager (Male) |
| 8:39 | Queue | Villager (Male) |
| 8:48 | Queue | Villager (Male) |
| 9:11 | Research | Loom |
| 9:11 | Queue | Villager (Male) |
| 9:42 | Build | Farm |
| 9:42 | Build | Farm |
| 9:43 | Build | Farm |
| 9:43 | Build | Farm |
| 10:09 | Age | Feudal Age |
| 10:50 | Queue | Villager (Male) |
| 11:11 | Queue | Villager (Male) |
| 11:46 | Queue | Villager (Male) |
| 11:52 | Queue | Villager (Male) |
| 12:14 | Build | Market |
| 12:15 | Queue | Villager (Male) |
| 12:22 | Build | House |
| 12:23 | Build | House |
| 13:02 | Build | Mining Camp |
| 13:03 | Build | Mining Camp |
| 13:12 | Build | Mining Camp |
| 13:16 | Queue | Villager (Male) |
| 13:16 | Queue | Villager (Male) |
| 13:20 | Build | Farm |
| 13:21 | Build | Farm |
| 13:21 | Build | Farm |
| 13:21 | Build | Farm |
| 13:40 | Build | Blacksmith |
| 13:44 | Queue | Villager (Male) |
| 13:50 | Queue | Villager (Male) |
| 14:03 | Build | House |
| 14:05 | Build | House |
| 14:25 | Build | Palisade Wall |
| 14:34 | Build | Farm |
| 14:34 | Build | Farm |
| 14:34 | Build | Farm |
| 14:35 | Build | Farm |
| 14:35 | Queue | Villager (Male) |
| 14:50 | Build | House |
| 14:51 | Build | House |
| 15:05 | Build | House |
| 15:07 | Build | House |
| 15:10 | Build | House |
| 15:16 | Queue | Villager (Male) |
| 15:30 | Queue | Villager (Male) |
| 15:58 | Queue | Villager (Male) |
| 16:13 | Build | Farm |
| 16:16 | Build | Farm |
| 16:33 | Build | Farm |
| 16:34 | Build | Farm |
| 16:38 | Queue | Villager (Male) |
| 16:52 | Build | House |
| 16:58 | Queue | Villager (Male) |
| 17:16 | Build | House |
| 17:22 | Research | Castle Age |
| 18:00 | Build | Barracks |
| 18:05 | Queue | Villager (Male) |
| 18:11 | Research | Double-Bit Axe |
| 19:01 | Build | Stable |
| 19:09 | Queue | Villager (Male) |
| 19:33 | Build | House |
| 19:35 | Build | House |
| 20:06 | Build | Stable |
| 20:08 | Age | Castle Age |
| 20:08 | Queue | Villager (Male) |
| 20:13 | Queue | Knight |
| 20:18 | Research | Horse Collar |
| 20:35 | Queue | Villager (Male) |
| 20:36 | Queue | Villager (Male) |
| 20:41 | Build | House |
| 20:42 | Build | House |
| 20:43 | Build | House |
| 21:02 | Queue | Villager (Male) |
| 21:28 | Build | Town Center |
| 21:28 | Queue | Villager (Male) |
| 21:56 | Queue | Villager (Male) |
| 22:01 | Build | House |
| 22:03 | Build | House |
| 22:09 | Queue | Villager (Male) |
| 22:42 | Build | Lumber Camp |
| 23:12 | Queue | Villager (Male) |
| 23:13 | Queue | Villager (Male) |
| 23:30 | Queue | Villager (Male) |
| 23:30 | Queue | Villager (Male) |
| 23:33 | Research | Wheelbarrow |
| 23:49 | Build | Archery Range |
| 23:55 | Build | Archery Range |
| 23:57 | Queue | Villager (Male) |
| 24:05 | Queue | Villager (Male) |
| 24:09 | Build | Farm |
| 24:09 | Build | Farm |
| 24:09 | Build | Farm |
| 24:10 | Build | Farm |
| 24:10 | Queue | Villager (Male) |
| 24:12 | Queue | Villager (Male) |
| 24:29 | Queue | Scout Cavalry |
| 24:39 | Research | Fletching |
| 24:46 | Build | Watch Tower |
| 24:52 | Queue | Villager (Male) |
| 24:59 | Research | Elite Skirmisher (upgrade) |
| 25:01 | Queue | Villager (Male) |
| 25:19 | Queue | Villager (Male) |
| 25:31 | Build | House |
| 25:34 | Build | House |
| 25:48 | Queue | Skirmisher |
| 25:48 | Queue | Skirmisher |
| 26:11 | Queue | Villager (Male) |
| 26:25 | Queue | Villager (Male) |
| 26:28 | Queue | Skirmisher |
| 26:28 | Queue | Skirmisher |
| 26:28 | Queue | Skirmisher |
| 26:46 | Queue | Villager (Male) |
| 26:54 | Build | Mining Camp |
| 26:59 | Queue | Villager (Male) |
| 27:38 | Build | Siege Workshop |
Match timeline
| 4:26 | anaullo95 · first_building Barracks |
| 6:10 | anaullo95 · wall_segment Palisade Wall x2 |
| 6:33 | anaullo95 · wall_segment Palisade Wall x4 |
| 8:02 | anaullo95 · wall_segment Palisade Wall x4 |
| 8:30 | anaullo95 · wall_segment Palisade Wall x9 |
| 9:07 | anaullo95 · wall_segment Palisade Wall x4 |
| 9:33 | anaullo95 · wall_segment Palisade Wall x6 |
| 9:39 | anaullo95 · wall_segment Palisade Wall x6 |
| 9:44 | anaullo95 · wall_segment Palisade Wall x6 |
| 10:09 | cucharita15 · age_up feudal |
| 10:41 | anaullo95 · wall_segment Palisade Wall x8 |
| 11:22 | anaullo95 · wall_segment Palisade Wall x9 |
| 11:37 | anaullo95 · wall_segment Palisade Wall x1 |
| 12:01 | anaullo95 · wall_segment Palisade Wall x1 |
| 12:03 | anaullo95 · wall_segment Palisade Wall x7 |
| 13:01 | anaullo95 · age_up feudal |
| 14:25 | cucharita15 · wall_segment Palisade Wall x9 |
| 14:45 | anaullo95 · wall_segment Palisade Wall x1 |
| 14:46 | anaullo95 · wall_segment Palisade Wall x1 |
| 14:47 | anaullo95 · wall_segment Palisade Wall x1 |
| 18:00 | cucharita15 · first_building Barracks |
| 18:28 | anaullo95 · first_market_sell 100 wood |
| 18:29 | anaullo95 · first_market_buy 100 stone |
| 18:35 | anaullo95 · age_up castle |
| 18:45 | anaullo95 · first_building Castle |
| 19:01 | cucharita15 · first_building Stable |
| 19:18 | anaullo95 · first_building Monastery |
| 19:49 | anaullo95 · wall_segment Palisade Wall x11 |
| 20:08 | cucharita15 · age_up castle |
| 23:49 | cucharita15 · first_building Archery Range |
| 27:38 | cucharita15 · first_building Siege Workshop |
| 28:54 | cucharita15 · first_building Castle |
| 29:24 | anaullo95 · first_building Siege Workshop |
| 30:33 | anaullo95 · first_building Stable |
| 39:14 | cucharita15 · age_up imperial |
| 41:25 | anaullo95 · first_building Archery Range |
| 42:17 | cucharita15 · resign |
[ AI ANALYSIS · 1 CREDIT ]
What really happened in this match?
Wolo.gg analyzes every decision: build order, eco, micro, common mistakes by bracket. Personalized analysis on WhatsApp or Discord in 30 seconds.
Civ guide
Italians
Perfil
Jugador #25983101